 Dungeon Crawl Stone Soup version 0.24-a0-459-g225fefd530 (webtiles) character file.

Game seed: 15284686547645345279

75 Azzok the Chopper (level 4, 0/38 HPs)
             Began as a Centaur Fighter on June 29, 2019.
             Slain by a sky beast (6 damage)
             ... on level 3 of the Dungeon.
             The game lasted 00:03:07 (1754 turns).

Azzok the Chopper (Centaur Fighter)                 Turns: 1754, Time: 00:03:07

Health: 0/38       AC:  8    Str: 20    XL:     4   Next: 11%
Magic:  4/4        EV:  1    Int:  7    God:
Gold:   130        SH:  8    Dex:  8    Spells: 3/3 levels left

rFire    . . .     SeeInvis .   a - +0 war axe
rCold    . . .     Gourm    .   c - +0 shield
rNeg     . . .     Faith    .   r - +0 plate armour
rPois    .         Spirit   .   (no helmet)
rElec    .         Reflect  .   (no cloak)
rCorr    .         Harm     .   (no gloves)
MR       .....                  (no barding)
Stlth    ..........             (no amulet)
HPRegen  0.12/turn              (no ring)
MPRegen  0.09/turn              (no ring)

@: very quick
A: large, hooves 3, deformed body, speed 2, tough skin 3
a: no special abilities


You were on level 3 of the Dungeon.
You were not hungry.

You visited 1 branch of the dungeon, and saw 3 of its levels.

You collected 130 gold pieces.

Inventory:

Hand Weapons
 a - a +0 war axe (weapon)
Armour
 c - a +0 shield (worn)
 r - a +0 plate armour (worn)
Jewellery
 o - an uncursed amulet of magic regeneration {unknown}
Scrolls
 b - 2 scrolls of teleportation
 p - a scroll of remove curse
Potions
 d - a potion of might
 e - 4 potions of haste
 g - 2 potions of agility {unknown}
 h - a potion of heal wounds {unknown}
 i - 2 potions of magic {unknown}
 j - a potion of brilliance {unknown}
 k - a potion of invisibility {unknown}
 m - a potion of mutation {unknown}
 n - a potion of curing
Comestibles
 f - 4 rations
 l - 6 chunks of flesh


   Skills:
 - Level 3.0 Fighting
 + Level 4.0 Axes
 - Level 2.1 Armour
 - Level 2.1 Shields


You had 3 spell levels left.
You didn't know any spells.
Your spell library contained the following spells:

 Spells                   Type           Power        Failure   Level  Hunger
 Magic Dart               Conj           #...         100%        1    ##.....
 Blink                    Tloc           N/A          100%        2    ###....
 Call Imp                 Summ           #.......     100%        2    ###....
 Slow                     Hex            #.......     100%        2    ###....
 Conjure Flame            Conj/Fire      #.......     100%        3    ####...
 Mephitic Cloud           Conj/Pois/Air  #.......     100%        3    ####...


Dungeon Overview and Level Annotations

Branches:
Dungeon (3/15)

Altars:
Qazlal


Innate Abilities, Weirdness & Mutations

You have hooves in place of feet.
Armour fits poorly on your strangely shaped body.
You cover ground very quickly.
You have extremely tough skin. (AC +3)


Message History

The sky beast is heavily wounded.
The sky beast hits you. The sky beast shocks you. The sky beast hits you.
The sky beast shocks you.
You closely miss the sky beast.
The sky beast is heavily wounded.
You block the sky beast's attack.
You hit the sky beast.
The sky beast is heavily wounded.
You block the sky beast's attack.
You hit the sky beast.
The sky beast is severely wounded.
The sky beast flickers out of sight!
Deactivating autopickup; reactivate with Ctrl-A.
Something hits you but does no damage. Something hits you.
Something shocks you.
* * * LOW HITPOINT WARNING * * *
You closely miss something. Your kick misses something. Something hits you.
* * * LOW HITPOINT WARNING * * *
Something shocks you.
You die...

···<······· ▒··▒
▒·▒ ▒▒▒·▒▒▒▒▒▒
··· ▒·▒ ····▒
▒·▒ ····▒ ▒·▒
··▒·▒ ▒·▒ ··▒·▒
·▒▒▒▒▒▒ ▒·▒
··▒·▒ ·······
▒·▒ ·▒▒·▒
·······▒▒▒▒▒▒▒·▒
····▒
·······@(······▒
··▒▒▒
······{▒▒▒▒▒▒▒▒▒
··▒ ······· ··▒
······% ··▒
▒▒▒▒▒▒▒ ▒▒▒


There were no monsters in sight!

Vanquished Creatures
  3 adders
  An ooze (D:2)
  A worm (D:2)
  2 leopard geckos (D:2)
  3 bats
  3 giant cockroaches
  5 goblins
  6 hobgoblins
  4 kobolds
  2 quokkas (D:2)
  2 frilled lizards
  5 rats
37 creatures vanquished.

Notes
Turn   | Place    | Note
-------+----------+-------------------------------------------
     0 | D:1      | Azzok the Centaur Fighter began the quest for the Orb.
     0 | D:1      | Reached XP level 1. HP: 19/19 MP: 1/1
   223 | D:1      | Reached skill level 2 in Axes
   592 | D:2      | Reached XP level 2. HP: 26/26 MP: 2/2
   677 | D:2      | Reached skill level 3 in Axes
   771 | D:2      | Reached XP level 3. HP: 31/31 MP: 3/3
  1409 | D:3      | Found a stormy altar of Qazlal.
  1605 | D:3      | Reached skill level 4 in Axes
  1605 | D:3      | Reached XP level 4. HP: 38/38 MP: 4/4
  1743 | D:3      | Noticed a sky beast
  1754 | D:3      | Slain by a sky beast

Levels and vault maps discovered:
D:1:      minmay_arrival_nine_rooms, layout_rooms, chequers_serial_rivers_marsh
D:2:      layout_basic
D:3:      layout_basic, nicolae_overflow_crystal_walls

Skill      XL: |  1  2  3 |
---------------+----------+-----
Axes           | 2 3 4 |  4.0
Fighting       | |  3.0
Armour         | |  2.1
Shields        | |  2.1

Action                   |  1- 3 |  4- 6 || total
-------------------------+-------+-------++-------
Melee: War axe           |    79 |    16 ||    95
       Kick              |    12 |     1 ||    13
  Use: Scroll            |     4 |       ||     4
  Eat: Chunk             |     1 |     1 ||     2
Armor: Chain mail        |    36 |       ||    36
       Plate armour      |    13 |    11 ||    24
Dodge: Dodged            |    11 |       ||    11
Block: Shield            |    34 |     2 ||    36

Table legend:
 A = Non-vault XP
 B = Vault XP
 C = Vault XP percentage of total XP
 D = Non-vault monster count
 E = Vault monster count
 F = Vault count percentage of total count
                 A         B        C        D         E       F
            +---------+---------+-------+---------+---------+-------
      Total |     108 |       0 |   0.0 |      37 |       0 |   0.0
            +---------+---------+-------+---------+---------+-------
        D:1 |      11 |       0 |   0.0 |       6 |       0 |   0.0
        D:2 |      57 |       0 |   0.0 |      21 |       0 |   0.0
        D:3 |      40 |       0 |   0.0 |      10 |       0 |   0.0
            +---------+---------+-------+---------+---------+-------
